 Dungeon Crawl Stone Soup version 0.29-a0-997-gf6f7e2dfe7 (webtiles) character file.

Game seed: 6423332650238966580

4899 testman the Fighter (level 10, 0/109 (118) HPs)
             Began as an Ogre Berserker on Aug 4, 2022.
             Was an Elder of Trog.
             Slain by Maggie
             ... wielding a +2 broad axe of draining
              (16 damage)
             ... on level 8 of the Dungeon.
             The game lasted 00:24:52 (9722 turns).

testman the Fighter (Ogre Berserker)                Turns: 9722, Time: 00:24:53

HP:   0/109 (118)   AC:  8    Str: 27    XL:     10   Next: 51%
MP:   10/10         EV: 10    Int:  8    God:    Trog [****..]
Gold: 359           SH:  5    Dex:  8    Spells: 9/9 levels left

rFire   . . .      SeeInvis .   q - +0 giant spiked club
rCold   . . .      Faith    .   (shield currently unavailable)
rNeg    + . .      Spirit   .   b - +0 animal skin
rPois   .          Reflect  +   u - +2 hat
rElec   .          Harm     .   p - +2 cloak
rCorr   .          Rampage  .   (gloves unavailable)
Will    ++...                   (boots unavailable)
Stlth   +.........              D - amulet of reflection
HPRegen 0.28/turn               A - ring of positive energy
MPRegen 0.12/turn               I - ring of willpower

@: mesmerised, drained
A: large, unfitting armour, tough skin 1
a: Renounce Religion, Berserk, Trog's Hand, Brothers in Arms


You were on level 8 of the Dungeon.
You worshipped Trog.
Trog was greatly pleased with you.
You visited 1 branch of the dungeon, and saw 8 of its levels.
You also visited: Ossuary.

You collected 573 gold pieces.
You spent 214 gold pieces at shops.

Inventory:

Hand Weapons
 d - a +0 mace of draining
 q - a +0 giant spiked club (weapon)
Missiles
 h - 3 atropa-tipped darts (quivered)
 j - 29 poisoned darts
 r - 3 curare-tipped darts
 y - a boomerang of dispersal
 B - 5 boomerangs
Armour
 b - a +0 animal skin (worn)
 p - a +2 cloak (worn)
 u - a +2 hat (worn)
Jewellery
 n - a ring of ice
 A - a ring of positive energy (left hand)
 C - a ring of ice
 D - an amulet of reflection (around neck)
 G - a ring of flight
 I - a ring of willpower (right hand)
Wands
 l - a wand of quicksilver (3)
 z - a wand of polymorph (24)
 F - a wand of iceblast (8)
Scrolls
 c - 7 scrolls of teleportation
 k - 3 scrolls of fear
 o - 2 scrolls of vulnerability
 x - 3 scrolls of magic mapping
 E - a scroll of enchant weapon {unknown}
 H - a scroll of torment {unknown}
 J - a scroll of identify
Potions
 a - 2 potions of resistance {unknown}
 e - 2 potions of flight {unknown}
 f - 5 potions of mutation
 g - 5 potions of curing
 i - 2 potions of invisibility
 m - 6 potions of lignification
 s - 3 potions of brilliance {unknown}
 t - a potion of attraction {unknown}
 v - 2 potions of heal wounds {unknown}
 w - a potion of magic {unknown}


   Skills:
 + Level 12.8 Fighting
 + Level 9.1 Maces & Flails
 + Level 7.2 Throwing
 - Level 2.6 Dodging


You had 9 spell levels left.
You didn't know any spells.
Your spell library was empty.

Dungeon Overview and Level Annotations

Branches:
Dungeon (8/15)             Temple (0/1) D:4            Lair (0/5) D:8
Ossuary (visited)

Altars:
Cheibriados
Okawaru
Ru
Vehumet
Xom
Zin
The Shining One

Shops:
D:1 *   D:5 [

Annotations:
D:8 Maggie


Innate Abilities, Weirdness & Mutations

You are too large for most types of armour.
You have tough skin. (AC +1)


Message History

Maggie is severely wounded.
Maggie misses you. Maggie casts a spell at you. The bolt of fire hits you!
You barely miss Maggie.
Maggie is severely wounded.
Maggie says, "Fear not.
I will immortalize you in the tale of my first kill."
Maggie mumbles some strange words.
Maggie attempts to bespell you!
You are mesmerised by Maggie!
Maggie mumbles some strange words.
Maggie draws you further into her thrall.
You hit Maggie.
Maggie is severely wounded.
Maggie zaps a wand.
You resist with almost no effort.
Maggie zaps a wand.
You resist with almost no effort.
You closely miss Maggie.
Maggie is severely wounded.
Maggie hits you with a +2 broad axe of draining!
You partially resist.
You feel drained.
Maggie hits you with a +2 broad axe of draining!
You partially resist.
You feel drained.
You are too injured to fight recklessly!
You hit Maggie but do no damage.
Maggie is severely wounded.
Maggie hits you with a +2 broad axe of draining.
You partially resist.
You feel drained.
Maggie points at you and mumbles some strange words.
The bolt of fire hits you!
* * * LOW HITPOINT WARNING * * *
Okay, then.
You closely miss Maggie.
Maggie is severely wounded.
Maggie says, "How do the people who live here stand the isolation?"
Maggie hits you with a +2 broad axe of draining.
* * * LOW HITPOINT WARNING * * *
You partially resist.
You feel drained.
* * * LOW HITPOINT WARNING * * *
Maggie hits you with a +2 broad axe of draining!
You die... ..# #...##.###....# #....)#.# ..# #...##.....#### ##'##.#.# ..# #...#####...# #)##...# ..# ##### #...# #.###..# .## #...##### #.# #.># .############ #...((..####.# #### .PPPPPPPPPPP# #...(...##.#.# .....P.....P# #..@....'..#.# .PPP.P.P.PPP#

#.@.....##.#.######
...P...P...P###.......##.#.......
PPPP.PPP.P.P##....######.########
.....P...P.P##....#### #.#.......
PPPP.PPPPP.P##.......# #.#.######
.........P...#.#####.###.........
PP.P.PPP.P.P...#.......).#.######
...P.P...P.P##.#.###.###.#.......
PP.PPPPPPPPP##.#.....# #)#######.


You could see Maggie (mesmerising, fast, poisoned).

Vanquished Creatures
  Maurice (D:8)
  Prince Ribbit (D:7)
  A wyvern (D:8)
  A steam dragon (D:6)
  Menkaure (D:7)
  2 water moccasins
  Duvessa (D:7)
  4 orc warriors
  A sky beast (D:7)
  A black bear (D:7)
  2 ice beasts
  A centaur (D:7)
  2 ogres
  A phantom (D:5)
  4 kobold brigands
  2 bullfrogs (D:7)
  4 scorpions
  5 wights (D:8)
  3 water moccasin zombies (Ossuary)
  Dowan (D:7)
  10 killer bees (D:8)
  A howler monkey (D:5)
  5 jellies
  5 orc priests
  A gnoll bouda (D:8)
  4 hounds
  3 iguanas
  7 orc wizards
  2 mummies (Ossuary)
  5 adders
  6 gnolls
  A river rat (D:3)
  A shadow imp (D:7)
  2 white imps
  4 ufetubi
  5 adder zombies (Ossuary)
  A worm (D:4)
  A dart slug (D:1)
  32 orcs
  8 endoplasms
  3 giant cockroaches
  6 goblins
  7 hobgoblins
  7 jackals
  3 quokkas
  7 ball pythons
  4 bats
  2 frilled lizards
  3 gnoll zombies (Ossuary)
  5 hobgoblin zombies (Ossuary)
  20 kobolds
  4 kobold zombies (Ossuary)
  4 orc zombies (Ossuary)
  10 rats
228 creatures vanquished.

Vanquished Creatures (others)
  An orc wizard (D:6)
  5 fungi (D:1)
  7 plants (D:1)
13 creatures vanquished.

Grand Total: 241 creatures vanquished

Notes
Turn   | Place    | Note
-------+----------+-------------------------------------------
     0 | D:1      | testman the Ogre Berserker began the quest for the Orb.
     0 | D:1      | Reached XP level 1. HP: 24/24 MP: 1/1
   109 | D:1      | Reached XP level 2. HP: 33/33 MP: 2/2
   472 | D:1      | Found a faded altar of an unknown god.
   628 | D:1      | Reached XP level 3. HP: 37/41 MP: 3/3
   778 | D:1      | Found Zottiell's General Store.
   786 | D:1      | Bought a potion of curing for 33 gold pieces
   834 | D:1      | Reached ** piety under Trog
   906 | D:1      | Reached skill level 5 in Fighting
  1351 | D:2      | Reached XP level 4. HP: 48/50 MP: 4/4
  1976 | D:3      | Found a glowing golden altar of the Shining One.
  2329 | D:3      | Reached XP level 5. HP: 59/59 MP: 5/5
  2376 | D:3      | Reached skill level 6 in Fighting
  3191 | D:4      | Noticed an ice beast
  3201 | D:4      | Killed an ice beast
  3202 | D:4      | Reached XP level 6. HP: 68/68 MP: 6/6
  3203 | D:4      | Reached skill level 7 in Fighting
  3233 | D:4      | Found a staircase to the Ecumenical Temple.
  3504 | D:5      | Entered Level 5 of the Dungeon
  3514 | D:5      | Reached skill level 5 in Maces & Flails
  3650 | D:5      | Found a radiant altar of Vehumet.
  3665 | D:5      | Reached XP level 7. HP: 78/78 MP: 7/7
  3679 | D:5      | Found Tunk's Armour Shoppe.
  3687 | D:5      | Bought a +2 cloak for 181 gold pieces
  3699 | D:5      | Reached *** piety under Trog
  3959 | D:5      | Found a shimmering altar of Xom.
  4190 | D:5      | Reached skill level 8 in Fighting
  4712 | D:6      | Found a sacrificial altar of Ru.
  4714 | D:6      | Reached skill level 1 in Throwing
  4716 | D:6      | Reached skill level 9 in Fighting
  4716 | D:6      | Reached XP level 8. HP: 83/92 MP: 8/8
  5098 | D:6      | Found a sand-covered staircase.
  5103 | Ossuary  | Entered an ossuary
  5269 | Ossuary  | Reached **** piety under Trog
  5469 | D:6      | Reached skill level 10 in Fighting
  5776 | D:6      | Reached XP level 9. HP: 101/102 MP: 9/9
  6237 | D:7      | Noticed Menkaure
  6243 | D:7      | HP: 4/102 [Menkaure (20)]
  6244 | D:7      | Killed Menkaure
  6778 | D:7      | Noticed Duvessa
  6780 | D:7      | Noticed Dowan
  6800 | D:7      | Killed Duvessa
  6804 | D:7      | Killed Dowan
  7087 | D:7      | Reached skill level 11 in Fighting
  7131 | D:7      | Reached skill level 5 in Throwing
  7493 | D:7      | Noticed Prince Ribbit
  7506 | D:7      | Killed Prince Ribbit
  7851 | D:8      | Noticed Maurice
  7856 | D:8      | Killed Maurice
  7857 | D:8      | Reached skill level 12 in Fighting
  7857 | D:8      | Reached XP level 10. HP: 115/115 MP: 10/10
  8164 | D:8      | Found a staircase to the Lair.
  8564 | D:8      | Found an iron altar of Okawaru.
  9483 | D:8      | Found a glowing silver altar of Zin.
  9483 | D:8      | Found a snail-covered altar of Cheibriados.
  9708 | D:8      | Noticed Maggie
  9722 | D:8      | Slain by Maggie

Illustrated notes

Levels and vault maps discovered:
D:1:      lemuel_arrival_rhombus, layout_basic,
          shapermc_ecumenical_altar_mp_urbaneastern, serial_shops,
          nicolae_shop_waterfront, hangedman_abyss_or_decor_stabs
D:2:      layout_loops_ring, st_stairs_8
D:3:      layout_loops_ring, mainiacjoe_overflow_alcove_2, portal_sewer_entry_e,
          kennysheep_pointless_box, wad_floor_pattern_untrapped
D:4:      layout_loops_ring, minmay_temple_entry_junction_2,
          kennysheep_generic_room_12
D:5:      layout_gridville, nicolae_vehumet_radiance, lemuel_crystal_altar,
          serial_shops, nicolae_shop_trees
D:6:      layout_basic, nicolae_ru_sacrificial_ziggurat,
          lightli_ossuary_entry_decrepit_ruins, nicolae_benzene_ring
D:7:      minmay_octagon_keep, layout_loops_corners, uniq_menkaure,
          uniq_prince_ribbit1, uniq_duvessa
D:8:      layout_basic, overflow_temple_1_default,
          gammafunk_temple_overflow_wave, lair_entry_dummy, minmay_hedge_maze,
          uniq_maggie, uniq_maurice

Skill      XL: |  1  2  3  4  5  6  7  8  9 10 |
---------------+-------------------------------+-----
Maces & Flails | 3 4 5 6 7 8 9 |  9.1
Fighting       | 5 6 7 9 10 12 | 12.8
Throwing       | 1 4 6 7 |  7.2
Dodging        | |  2.6

Action                   |  1- 3 |  4- 6 |  7- 9 | 10-12 || total
-------------------------+-------+-------+-------+-------++-------
Melee: Mace              |    96 |   120 |    39 |       ||   255
       Punch             |     1 |     2 |     1 |       ||     4
       Giant spiked club |       |       |   270 |   187 ||   457
Throw: Dart              |       |       |     1 |     5 ||     6
       Boomerang         |       |       |       |     1 ||     1
Invok: Berserk           |       |     2 |     5 |     3 ||    10
       Trog's Hand       |       |       |     3 |     2 ||     5
  Use: Scroll            |       |     3 |     5 |     1 ||     9
       Potion            |       |       |     1 |     2 ||     3
 Stab: Sleeping          |       |     1 |       |       ||     1
       Invisible         |       |       |     1 |       ||     1
Armor: Animal skin       |    44 |    27 |   131 |    66 ||   268
Dodge: Dodged            |    65 |    68 |   185 |   103 ||   421
Block: Other             |       |       |    28 |    47 ||    75
       Reflection        |       |       |     3 |     1 ||     4

Table legend: (Time is in decaauts)
 A = Elapsed time spent in this place.
 B = Non-inter-level travel time spent in this place.
 C = Inter-level travel time spent in this place.
 D = Time resting spent in this place.
 E = Time spent auto-exploring this place.
 F = Levels seen in this place.
 G = Mean time per level.
                   A        B        C        D        E       F      G
               +--------+--------+--------+--------+--------+-----+--------+
         Total |  10031 |   9838 |    193 |    682 |   7372 |   9 | 1114.6 |
       Dungeon |   9776 |   9583 |    193 |    682 |   7271 |   8 | 1222.0 |
       Ossuary |    254 |    254 |      0 |      0 |    101 |   1 |  254.0 |
               +--------+--------+--------+--------+--------+-----+--------+

Top non-repeatable levels by time:
     D:7: 1976 daAuts
     D:8: 1957 daAuts
     D:5: 1222 daAuts
     D:1: 1062 daAuts
     D:6: 1053 daAuts
     D:3: 1048 daAuts
     D:4: 757 daAuts
     D:2: 697 daAuts
 Ossuary: 254 daAuts
